Kings vs Lightning

Created - 10 décembre 2023 at 17:31

Goals
1 2 3 OT1 SO T
Kings 0 2 1 0 0 3
Lightning 0 2 1 0 1 4
Shots
1 2 3 OT1 SO T
Kings 10 16 12 0 3 38
Lightning 7 10 15 0 2 32

GoalsPenalties
1st period
No Goal
Garrett Pilon (TAM) for Hooking (Minor) at 9:10
Matt Dumba (LOS) for Holding (Minor) at 18:07
2nd period
1. Lightning , Nicolas Aube-Kubel 10 (Vladislav Namestnikov 37) at 0:44
2. Kings , Ilya Mikheyev 10 (Tyson Jost 16, Alexei Toropchenko 3) at 9:49
3. Lightning , Vladislav Namestnikov 29 (Jakob Silfverberg 29, Nicolas Aube-Kubel 9) at 10:42
4. Kings , Derek Stepan 6 (Robby Fabbri 6, Jon Merrill 4) at 15:10
3rd period
5. Kings , Warren Foegele 13 (Philip Tomasino 4, Nicolas Roy 13) at 0:11
6. Lightning , Jakob Silfverberg 19 (Andrej Sustr 7, Vladislav Namestnikov 38) at 1:54
Robert Hagg (TAM) for Hooking (Minor) at 0:30
Warren Foegele (LOS) for Slashing (Minor) at 0:31
Nicolas Roy (LOS) for Hooking (Minor) at 13:40
Vladislav Namestnikov (TAM) for Tripping (Minor) at 18:53
Overtime #1
No Goal
Shootout
Kings, Nicolas Roy - Stopped by Jack Campbell
Lightning, Vladislav Namestnikov - Goal!
Kings, Warren Foegele - Stopped by Jack Campbell
Lightning, Jakob Silfverberg - Stopped by Jonathan Quick
Kings, Tyson Jost - Shot Misses the Net
Goalie Stats
Jonathan Quick (LOS), 29 saves from 32 shots - (0,906), OTL, 3-4-1, 65:00 minutes
Jack Campbell (TAM), 35 saves from 38 shots - (0,921), W, 19-13-6, 65:00 minutes
3 StarsOfficial
1 - Vladislav Namestnikov (TAM)
2 - Jakob Silfverberg (TAM)
3 - Nicolas Aube-Kubel (TAM)
Referees : Kevin Pollock and Kendrick Nicholson
Linesman : Shandor Alphonso and Jackie Spresser
Game Note
No Game Note
Finance
Level 1 -- Attendance: 5491 (92%) -- Ticket Income $411,825
Level 2 -- Attendance: 5000 (100%) -- Ticket Income $235,000
Level 3 -- Attendance: 3399 (90%) -- Ticket Income $74,778
Level 4 -- Attendance: 4000 (100%) -- Ticket Income $60,000
Luxury Box -- Attendance: 918 (92%) -- Ticket Income $160,650
Game was played at the St Pete Times Forum.
Total Attendance: 18808 (95%)
Total Ticket Income: $942,253
Other Income: $282,676
Total Income: $1,224,929



Team Name Goals Shots Shots Attemp Shots Blocked PIM HIT PP PK FO%
Kings 33878116200 / 3 (0%)056%
Lightning 43258176200 / 3 (0%)044%

Kings
Player Name POS G A P +/- PIM HIT SHT SB MP PP MP PP SHT PK MP PK SHT FO% FOT GA TA
Alexei ToropchenkoLW/RW0110020118:100:0201:09067% 301
Calvin de HaanD0000002123:211:2301:1300% 000
Colin BlackwellC/RW000000009:310:0200:0400% 000
Derek StepanC/RW1010013014:281:1601:13050% 600
Ilya MikheyevLW/RW1010004116:311:1600:29050% 210
Jon MerrillD0111000122:481:2301:4900% 010
Jordan OesterleD0001002012:560:0001:4900% 001
Josh MahuraD0001002110:460:0000:0000% 000
Kevin LabancLW/RW0001022013:061:4800:25050% 202
Matt DumbaD000-1243127:331:4300:5800% 031
Nicolas RoyC/RW011-1228024:121:4801:03056% 3230
Philip TomasinoLW/RW0110031018:450:0000:0000% 011
Robby FabbriC/LW011101108:420:0000:0000% 000
Sammy BlaisLW/RW000001109:330:0200:0000% 100
Sean CouturierC000000007:360:0000:00067% 301
Sean DurziD000-2032329:091:4302:0900% 000
Tyson JostC0110012219:241:1601:39055% 2000
Warren FoegeleLW/RW1010205023:491:4701:560100% 100
Lightning
Player Name POS G A P +/- PIM HIT SHT SB MP PP MP PP SHT PK MP PK SHT FO% FOT GA TA
Alex GoligoskiD000-1000228:352:1902:0800% 020
Andrej SustrD0111011115:150:0100:0100% 000
Ben HarpurD0001010122:201:4001:5100% 001
Benoit-Olivier GroulxC000001007:130:0000:00040% 500
Connor CarrickD0000021213:030:0000:0000% 001
Darren HelmC/LW/RW000001218:230:0000:000100% 101
Derick BrassardC/LW000-1001218:081:4900:38064% 1401
Garrett PilonC0000210013:450:0000:53013% 801
Jakob SilfverbergLW/RW1121018224:332:0901:4700% 332
Liam FoudyC/LW0000000011:130:0000:0000% 000
Michael MerschRW000000107:240:0700:0000% 000
Nicolas Aube-KubelRW1120022120:162:0200:000100% 101
Patric HornqvistRW000-1012015:511:5000:000100% 100
Radim SimekD0001011020:581:4001:5100% 000
Robert HaggD000-2223326:262:1902:0700% 000
Stefan NoesenLW/RW0000040015:360:0801:3800% 311
Tyler MotteLW/RW000-1016118:201:4901:0700% 010
Vladislav NamestnikovC/LW/RW1231214122:532:0201:02047% 3400

Kings

5 vs 5 Forward
Line #Left WingCenterRight WingPHYDFOFWanted %Time %Time Play
1Warren FoegeleNicolas RoyPhilip Tomasino1134539%19:49
2Ilya MikheyevTyson JostAlexei Toropchenko1133329%14:50
3Robby FabbriDerek StepanKevin Labanc1131817%8:42
4Sammy BlaisSean CouturierColin Blackwell230415%7:36
5 vs 5 Defense
Line #DefenseDefensePHYDFOFWanted %Time %Time Play
1Sean DurziMatt Dumba1135346%23:12
2Jon MerrillCalvin de Haan1313235%17:36
3Josh MahuraJordan Oesterle140820%10:09
4Sean DurziMatt Dumba10470%0:00
Power Play Forward
Line #Left WingCenterRight WingPHYDFOFWanted %Time %Time Play
1Warren FoegeleNicolas RoyKevin Labanc1046759%1:50
2Ilya MikheyevTyson JostDerek Stepan1133341%1:16
Power Play Defense
Line #DefenseDefensePHYDFOFWanted %Time %Time Play
1Sean DurziMatt Dumba1136355%1:43
2Jon MerrillCalvin de Haan1223745%1:23
Penalty Kill 4 Players Forward
Line #CenterWingPHYDFOFWanted %Time %Time Play
1Nicolas RoyWarren Foegele1226088%3:30
2Tyson JostIlya Mikheyev1224012%0:29
Penalty Kill 4 Players Defense
Line #DefenseDefensePHYDFOFWanted %Time %Time Play
1Sean DurziMatt Dumba1226058%2:19
2Jon MerrillJordan Oesterle1224042%1:40
Penalty Kill 3 Players
Line #WingPHYDFOFWanted %Time %Time PlayDefenseDefensePHYDFOFWanted %Time %Time Play
1Nicolas Roy131570%0:00 Sean DurziMatt Dumba122600%0:00
2Tyson Jost131430%0:00 Jon MerrillCalvin de Haan122400%0:00
4 vs 4 Forward
Line #CenterWingPHYDFOFWanted %Time %Time Play
1Nicolas RoyWarren Foegele1226095%2:43
2Tyson JostIlya Mikheyev122405%0:08
4 vs 4 Defense
Line #DefensePHYDFOFWanted %Time %Time Play
1Sean DurziMatt Dumba1226073%60% - 2:05
2Calvin de HaanJon Merrill1224027%40% - 0:46
Last Minutes Offensive
Left WingCenterRight WingDefenseDefense
Warren FoegeleNicolas RoyKevin LabancSean DurziMatt Dumba
Last Minutes Defensive
Left WingCenterRight WingDefenseDefense
Warren FoegeleNicolas RoySammy BlaisSean DurziMatt Dumba
Time
Total ForwardTotal DefenseLast Minutes OffensiveLast Minutes Defensive
60:53 60:53 0:000:00
Extra Forwards
Normal PowerPlayPenalty Kill
Derek Stepan, Kevin Labanc, Sammy BlaisDerek Stepan, Kevin LabancDerek Stepan
Extra Defensemen
Normal PowerPlayPenalty Kill
Sean Durzi, Calvin de Haan, Josh MahuraSean Durzi, Sean DurziCalvin de Haan
Penalty Shots
Nicolas Roy, Warren Foegele, Tyson Jost, Ilya Mikheyev, Derek Stepan
Goalie
Jonathan Quick, Ville Husso
Scratches
Haydn Fleury (Healthy)

Lightning

5 vs 5 Forward
Line #Left WingCenterRight WingPHYDFOFWanted %Time %Time Play
1Jakob SilfverbergVladislav NamestnikovNicolas Aube-Kubel1134037%18:58
2Tyler MotteDerick BrassardPatric Hornqvist1133027%13:53
3Liam FoudyGarrett PilonStefan Noesen1132022%11:13
4Darren HelmBenoit-Olivier GroulxMichael Mersch1221014%6:53
5 vs 5 Defense
Line #DefenseDefensePHYDFOFWanted %Time %Time Play
1Alex GoligoskiRobert Hagg1134543%22:01
2Ben HarpurRadim Simek1133033%16:40
3Connor CarrickAndrej Sustr1222023%11:39
4Connor CarrickAlex Goligoski12251%0:37
Power Play Forward
Line #Left WingCenterRight WingPHYDFOFWanted %Time %Time Play
1Jakob SilfverbergVladislav NamestnikovNicolas Aube-Kubel0056054%2:10
2Tyler MotteDerick BrassardPatric Hornqvist0144046%1:49
Power Play Defense
Line #DefenseDefensePHYDFOFWanted %Time %Time Play
1Alex GoligoskiRobert Hagg0146058%2:19
2Ben HarpurRadim Simek0234042%1:40
Penalty Kill 4 Players Forward
Line #CenterWingPHYDFOFWanted %Time %Time Play
1Vladislav NamestnikovJakob Silfverberg1316087%2:42
2Derick BrassardTyler Motte1314013%0:24
Penalty Kill 4 Players Defense
Line #DefenseDefensePHYDFOFWanted %Time %Time Play
1Alex GoligoskiRobert Hagg1316049%1:32
2Ben HarpurRadim Simek1314051%1:34
Penalty Kill 3 Players
Line #WingPHYDFOFWanted %Time %Time PlayDefenseDefensePHYDFOFWanted %Time %Time Play
1Vladislav Namestnikov12260100%0:53 Alex GoligoskiRobert Hagg1226068%0:36
2Derick Brassard122400%0:00 Ben HarpurRadim Simek1224032%0:17
4 vs 4 Forward
Line #CenterWingPHYDFOFWanted %Time %Time Play
1Vladislav NamestnikovJakob Silfverberg1136082%1:37
2Derick BrassardTyler Motte1134018%0:21
4 vs 4 Defense
Line #DefensePHYDFOFWanted %Time %Time Play
1Alex GoligoskiRobert Hagg1226076%60% - 1:30
2Ben HarpurRadim Simek1224024%40% - 0:28
Last Minutes Offensive
Left WingCenterRight WingDefenseDefense
Jakob SilfverbergVladislav NamestnikovNicolas Aube-KubelAlex GoligoskiRobert Hagg
Last Minutes Defensive
Left WingCenterRight WingDefenseDefense
Jakob SilfverbergVladislav NamestnikovNicolas Aube-KubelAlex GoligoskiRobert Hagg
Time
Total ForwardTotal DefenseLast Minutes OffensiveLast Minutes Defensive
60:53 60:53 0:000:00
Extra Forwards
Normal PowerPlayPenalty Kill
Stefan Noesen, Patric Hornqvist, Nicolas Aube-KubelStefan Noesen, Patric HornqvistStefan Noesen
Extra Defensemen
Normal PowerPlayPenalty Kill
Alex Goligoski, Andrej Sustr, Connor CarrickAlex Goligoski, Alex GoligoskiAndrej Sustr
Penalty Shots
Vladislav Namestnikov, Jakob Silfverberg, Derick Brassard, Tyler Motte, Stefan Noesen
Goalie
Jack Campbell, Sam Montembeault
Scratches
Mike Reilly (Broken Left Thumb Injury)


Play-by-Play

1st period


0:01 of 1st period - Vladislav Namestnikov wins face-off versus Nicolas Roy in neutral zone.
0:06 of 1st period - Wrist shot by Jakob Silfverberg.
0:06 of 1st period - Stopped by Jonathan Quick with a rebound.
0:57 of 1st period - Off-side.
0:58 of 1st period - Nicolas Roy wins face-off versus Benoit-Olivier Groulx in neutral zone.
1:01 of 1st period - Snap shot by Josh Mahura.
1:01 of 1st period - Stopped by Jack Campbell with a rebound.
1:32 of 1st period - Wrist shot by Nicolas Roy.
1:32 of 1st period - Stopped by Jack Campbell without a rebound.
1:33 of 1st period - Vladislav Namestnikov wins face-off versus Tyson Jost in Lightning zone.
1:48 of 1st period - Wrist shot by Jakob Silfverberg.
1:48 of 1st period - Stopped by Jonathan Quick with a rebound.
1:50 of 1st period - Snap shot by Andrej Sustr.
1:50 of 1st period - Shot Misses the Net.
2:04 of 1st period - Slapshot by Calvin de Haan.
2:04 of 1st period - Stopped by Jack Campbell without a rebound.
2:05 of 1st period - Sean Couturier wins face-off versus Derick Brassard in Lightning zone.
2:47 of 1st period - Sammy Blais is hit by Radim Simek and loses puck.
3:55 of 1st period - Wrist shot by Vladislav Namestnikov.
3:55 of 1st period - Stopped by Jonathan Quick with a rebound.
4:40 of 1st period - Wrist shot by Jakob Silfverberg.
4:40 of 1st period - Stopped by Jonathan Quick without a rebound.
4:41 of 1st period - Derick Brassard wins face-off versus Nicolas Roy in Kings zone.
4:50 of 1st period - Wrist shot by Tyler Motte.
4:50 of 1st period - Stopped by Jonathan Quick without a rebound.
4:51 of 1st period - Nicolas Roy wins face-off versus Derick Brassard in Kings zone.
5:07 of 1st period - Slapshot by Matt Dumba.
5:07 of 1st period - Deflect By Connor Carrick.
5:07 of 1st period - Stopped by Jack Campbell with a rebound.
5:23 of 1st period - Matt Dumba is hit by Andrej Sustr and loses puck.
5:40 of 1st period - Snap shot by Derick Brassard.
5:40 of 1st period - Shot Blocked by Sean Durzi.
5:42 of 1st period - Slapshot by Andrej Sustr.
5:42 of 1st period - Stopped by Jonathan Quick without a rebound.
5:43 of 1st period - Tyson Jost wins face-off versus Garrett Pilon in Kings zone.
6:13 of 1st period - Icing by Jon Merrill.
6:14 of 1st period - Derek Stepan wins face-off versus Benoit-Olivier Groulx in Kings zone.
6:14 of 1st period - Derek Stepan is hit by Darren Helm.
7:07 of 1st period - Tyler Motte is hit by Sean Durzi and loses puck.
7:29 of 1st period - Icing by Ben Harpur.
7:30 of 1st period - Tyson Jost wins face-off versus Vladislav Namestnikov in Lightning zone.
7:37 of 1st period - Jakob Silfverberg is hit by Sean Durzi and loses puck.
7:54 of 1st period - Slapshot by Vladislav Namestnikov.
7:54 of 1st period - Stopped by Jonathan Quick without a rebound.
7:55 of 1st period - Derick Brassard wins face-off versus Tyson Jost in Kings zone.
8:26 of 1st period - Off-side.
8:27 of 1st period - Nicolas Roy wins face-off versus Benoit-Olivier Groulx in neutral zone.
8:36 of 1st period - Snap shot by Warren Foegele.
8:36 of 1st period - Shot Misses the Net.
8:40 of 1st period - Snap shot by Warren Foegele.
8:40 of 1st period - Shot Hit the Post.
9:10 of 1st period - Minor Penalty to Garrett Pilon for Hooking.
9:11 of 1st period - Vladislav Namestnikov wins face-off versus Nicolas Roy in Lightning zone.
9:38 of 1st period - Jakob Silfverberg is hit by Matt Dumba and loses puck.
11:10 of 1st period - Penalty to Garrett Pilon is over, Garrett Pilon is back on ice.
11:21 of 1st period - Robert Hagg is hit by Sammy Blais and loses puck.
12:18 of 1st period - Colin Blackwell is hit by Connor Carrick and loses puck.
13:41 of 1st period - Calvin de Haan is hit by Connor Carrick and loses puck.
14:07 of 1st period - Josh Mahura is hit by Tyler Motte and loses puck.
14:22 of 1st period - Michael Mersch is hit by Derek Stepan and loses puck.
14:37 of 1st period - Icing by Sean Durzi.
14:38 of 1st period - Nicolas Aube-Kubel wins face-off versus Sean Couturier in Kings zone.
15:00 of 1st period - Slapshot by Matt Dumba.
15:00 of 1st period - Shot Blocked by Derick Brassard.
15:02 of 1st period - Wrist shot by Nicolas Roy.
15:02 of 1st period - Stopped by Jack Campbell with a rebound.
15:04 of 1st period - Snap shot by Philip Tomasino.
15:04 of 1st period - Shot Misses the Net.
15:10 of 1st period - Snap shot by Warren Foegele.
15:10 of 1st period - Deflect By Nicolas Roy.
15:10 of 1st period - Stopped by Jack Campbell with a rebound.
15:12 of 1st period - Slapshot by Matt Dumba.
15:12 of 1st period - Stopped by Jack Campbell without a rebound.
15:13 of 1st period - Tyson Jost wins face-off versus Vladislav Namestnikov in Lightning zone.
15:55 of 1st period - Wrist shot by Nicolas Roy.
15:55 of 1st period - Stopped by Jack Campbell without a rebound.
15:56 of 1st period - Derek Stepan wins face-off versus Garrett Pilon in Lightning zone.
15:57 of 1st period - Snap shot by Kevin Labanc.
15:57 of 1st period - Stopped by Jack Campbell with a rebound.
17:29 of 1st period - Wrist shot by Nicolas Roy.
17:29 of 1st period - Stopped by Jack Campbell without a rebound.
17:30 of 1st period - Vladislav Namestnikov wins face-off versus Nicolas Roy in Lightning zone.
17:53 of 1st period - Calvin de Haan is hit by Robert Hagg.
18:02 of 1st period - Off-side.
18:03 of 1st period - Derick Brassard wins face-off versus Ilya Mikheyev in neutral zone.
18:07 of 1st period - Minor Penalty to Matt Dumba for Holding.
18:08 of 1st period - Vladislav Namestnikov wins face-off versus Nicolas Roy in Kings zone.
Goals for this period are 0 for Kings vs 0 for Lightning.
Shots for this period are 10 for Kings vs 7 for Lightning.

2nd period


0:01 of 2nd period - Nicolas Roy wins face-off versus Jakob Silfverberg in neutral zone.
0:07 of 2nd period - Penalty to Matt Dumba is over, Matt Dumba is back on ice.
0:26 of 2nd period - Patric Hornqvist is hit by Tyson Jost and loses puck.
0:40 of 2nd period - Icing by Alexei Toropchenko.
0:41 of 2nd period - Vladislav Namestnikov wins face-off versus Tyson Jost in Kings zone.
0:44 of 2nd period - Slapshot by Nicolas Aube-Kubel.
0:44 of 2nd period - Goal by Nicolas Aube-Kubel - Kings : 0 - Lightning : 1.
0:45 of 2nd period - Vladislav Namestnikov wins face-off versus Nicolas Roy in neutral zone.
0:50 of 2nd period - Slapshot by Robert Hagg.
0:50 of 2nd period - Stopped by Jonathan Quick without a rebound.
0:51 of 2nd period - Nicolas Roy wins face-off versus Vladislav Namestnikov in Kings zone.
0:51 of 2nd period - Nicolas Roy is hit by Nicolas Aube-Kubel.
2:36 of 2nd period - Icing by Alex Goligoski.
2:37 of 2nd period - Nicolas Roy wins face-off versus Vladislav Namestnikov in Lightning zone.
2:38 of 2nd period - Slapshot by Warren Foegele.
2:38 of 2nd period - Shot Misses the Net.
3:00 of 2nd period - Snap shot by Nicolas Aube-Kubel.
3:00 of 2nd period - Shot Blocked by Sean Durzi.
3:06 of 2nd period - Wrist shot by Tyson Jost.
3:06 of 2nd period - Stopped by Jack Campbell without a rebound.
3:07 of 2nd period - Derick Brassard wins face-off versus Tyson Jost in Lightning zone.
3:14 of 2nd period - Slapshot by Tyler Motte.
3:14 of 2nd period - Stopped by Jonathan Quick without a rebound.
3:15 of 2nd period - Tyson Jost wins face-off versus Derick Brassard in Kings zone.
3:38 of 2nd period - Slapshot by Derick Brassard.
3:38 of 2nd period - Stopped by Jonathan Quick without a rebound.
3:39 of 2nd period - Nicolas Roy wins face-off versus Vladislav Namestnikov in Kings zone.
3:39 of 2nd period - Nicolas Roy is hit by Jakob Silfverberg.
3:47 of 2nd period - Backhand shot by Sean Durzi.
3:47 of 2nd period - Shot Blocked by Connor Carrick.
3:49 of 2nd period - Slapshot by Matt Dumba.
3:49 of 2nd period - Shot Misses the Net.
3:51 of 2nd period - Wrist shot by Nicolas Roy.
3:51 of 2nd period - Shot Misses the Net.
3:53 of 2nd period - Backhand shot by Philip Tomasino.
3:53 of 2nd period - Shot Blocked by Jakob Silfverberg.
3:55 of 2nd period - Backhand shot by Matt Dumba.
3:55 of 2nd period - Deflect By Warren Foegele.
3:55 of 2nd period - Shot Blocked by Nicolas Aube-Kubel.
3:55 of 2nd period - Puck is out of play.
3:56 of 2nd period - Garrett Pilon wins face-off versus Tyson Jost in Lightning zone.
4:23 of 2nd period - Jakob Silfverberg is hit by Nicolas Roy and loses puck.
5:06 of 2nd period - Slapshot by Sean Durzi.
5:06 of 2nd period - Deflect By Sammy Blais.
5:06 of 2nd period - Stopped by Jack Campbell with a rebound.
5:26 of 2nd period - Slapshot by Ilya Mikheyev.
5:26 of 2nd period - Stopped by Jack Campbell without a rebound.
5:27 of 2nd period - Ilya Mikheyev wins face-off versus Garrett Pilon in Lightning zone.
5:28 of 2nd period - Wrist shot by Tyson Jost.
5:28 of 2nd period - Stopped by Jack Campbell without a rebound.
5:29 of 2nd period - Tyson Jost wins face-off versus Vladislav Namestnikov in Lightning zone.
5:43 of 2nd period - Snap shot by Vladislav Namestnikov.
5:43 of 2nd period - Shot Misses the Net.
5:45 of 2nd period - Snap shot by Vladislav Namestnikov.
5:45 of 2nd period - Shot Misses the Net.
6:15 of 2nd period - Jon Merrill is hit by Benoit-Olivier Groulx and loses puck.
6:26 of 2nd period - Alex Goligoski is hit by Philip Tomasino and loses puck.
6:35 of 2nd period - Liam Foudy is hit by Nicolas Roy.
6:45 of 2nd period - Wrist shot by Nicolas Roy.
6:45 of 2nd period - Shot Misses the Net.
7:24 of 2nd period - Backhand shot by Nicolas Aube-Kubel.
7:24 of 2nd period - Shot Blocked by Sean Durzi.
7:36 of 2nd period - Snap shot by Patric Hornqvist.
7:36 of 2nd period - Stopped by Jonathan Quick without a rebound.
7:37 of 2nd period - Tyson Jost wins face-off versus Garrett Pilon in Kings zone.
7:46 of 2nd period - Radim Simek is hit by Alexei Toropchenko and loses puck.
9:02 of 2nd period - Matt Dumba is hit by Stefan Noesen and loses puck.
9:22 of 2nd period - Vladislav Namestnikov is hit by Robby Fabbri and loses puck.
9:27 of 2nd period - Wrist shot by Derek Stepan.
9:27 of 2nd period - Shot Blocked by Andrej Sustr.
9:29 of 2nd period - Wrist shot by Derek Stepan.
9:29 of 2nd period - Stopped by Jack Campbell with a rebound.
9:33 of 2nd period - Wrist shot by Robby Fabbri.
9:33 of 2nd period - Shot Blocked by Vladislav Namestnikov.
9:35 of 2nd period - Slapshot by Josh Mahura.
9:35 of 2nd period - Deflect By Robby Fabbri.
9:35 of 2nd period - Stopped by Jack Campbell without a rebound.
9:36 of 2nd period - Tyson Jost wins face-off versus Derick Brassard in Lightning zone.
9:37 of 2nd period - Wrist shot by Ilya Mikheyev.
9:37 of 2nd period - Shot Misses the Net.
9:49 of 2nd period - Snap shot by Ilya Mikheyev.
9:49 of 2nd period - Goal by Ilya Mikheyev - Kings : 1 - Lightning : 1.
9:50 of 2nd period - Nicolas Roy wins face-off versus Vladislav Namestnikov in neutral zone.
9:53 of 2nd period - Jakob Silfverberg is hit by Sean Durzi and loses puck.
10:26 of 2nd period - Wrist shot by Tyler Motte.
10:26 of 2nd period - Stopped by Jonathan Quick without a rebound.
10:27 of 2nd period - Vladislav Namestnikov wins face-off versus Nicolas Roy in Kings zone.
10:42 of 2nd period - Snap shot by Vladislav Namestnikov.
10:42 of 2nd period - Goal by Vladislav Namestnikov - Kings : 1 - Lightning : 2.
10:43 of 2nd period - Vladislav Namestnikov wins face-off versus Nicolas Roy in neutral zone.
11:15 of 2nd period - Snap shot by Derick Brassard.
11:15 of 2nd period - Deflect By Tyler Motte.
11:15 of 2nd period - Stopped by Jonathan Quick with a rebound.
12:16 of 2nd period - Slapshot by Jon Merrill.
12:16 of 2nd period - Deflect By Sammy Blais.
12:16 of 2nd period - Shot Misses the Net.
12:16 of 2nd period - Puck is out of play.
12:17 of 2nd period - Alexei Toropchenko wins face-off versus Vladislav Namestnikov in Lightning zone.
12:22 of 2nd period - Snap shot by Tyson Jost.
12:22 of 2nd period - Shot Blocked by Robert Hagg.
12:48 of 2nd period - Tyson Jost is hit by Nicolas Aube-Kubel and loses puck.
13:02 of 2nd period - Snap shot by Vladislav Namestnikov.
13:02 of 2nd period - Shot Misses the Net.
13:04 of 2nd period - Slapshot by Jakob Silfverberg.
13:04 of 2nd period - Stopped by Jonathan Quick with a rebound.
13:06 of 2nd period - Slapshot by Nicolas Aube-Kubel.
13:06 of 2nd period - Shot Blocked by Alexei Toropchenko.
13:08 of 2nd period - Slapshot by Jakob Silfverberg.
13:08 of 2nd period - Deflect By Nicolas Aube-Kubel.
13:08 of 2nd period - Shot Blocked by Tyson Jost.
13:08 of 2nd period - Puck is out of play.
13:09 of 2nd period - Derick Brassard wins face-off versus Nicolas Roy in Kings zone.
14:48 of 2nd period - Slapshot by Derek Stepan.
14:48 of 2nd period - Shot Blocked by Tyler Motte.
14:50 of 2nd period - Slapshot by Calvin de Haan.
14:50 of 2nd period - Shot Misses the Net.
14:52 of 2nd period - Slapshot by Calvin de Haan.
14:52 of 2nd period - Stopped by Jack Campbell without a rebound.
14:53 of 2nd period - Vladislav Namestnikov wins face-off versus Derek Stepan in Lightning zone.
15:04 of 2nd period - Wrist shot by Derek Stepan.
15:04 of 2nd period - Stopped by Jack Campbell with a rebound.
15:06 of 2nd period - Backhand shot by Derek Stepan.
15:06 of 2nd period - Shot Blocked by Alex Goligoski.
15:08 of 2nd period - Snap shot by Robby Fabbri.
15:08 of 2nd period - Shot Misses the Net.
15:10 of 2nd period - Backhand shot by Derek Stepan.
15:10 of 2nd period - Goal by Derek Stepan - Kings : 2 - Lightning : 2.
15:11 of 2nd period - Nicolas Roy wins face-off versus Vladislav Namestnikov in neutral zone.
15:16 of 2nd period - Snap shot by Sean Durzi.
15:16 of 2nd period - Stopped by Jack Campbell with a rebound.
15:18 of 2nd period - Snap shot by Nicolas Roy.
15:18 of 2nd period - Shot Blocked by Robert Hagg.
15:20 of 2nd period - Snap shot by Warren Foegele.
15:20 of 2nd period - Stopped by Jack Campbell with a rebound.
15:22 of 2nd period - Slapshot by Warren Foegele.
15:22 of 2nd period - Shot Blocked by Jakob Silfverberg.
15:24 of 2nd period - Slapshot by Philip Tomasino.
15:24 of 2nd period - Deflect By Nicolas Roy.
15:24 of 2nd period - Shot Misses the Net.
15:24 of 2nd period - Puck is out of play.
15:25 of 2nd period - Vladislav Namestnikov wins face-off versus Nicolas Roy in Lightning zone.
15:25 of 2nd period - Vladislav Namestnikov is hit by Philip Tomasino.
15:51 of 2nd period - Sean Durzi is hit by Patric Hornqvist and loses puck.
16:24 of 2nd period - Backhand shot by Kevin Labanc.
16:24 of 2nd period - Stopped by Jack Campbell with a rebound.
16:27 of 2nd period - Icing by Radim Simek.
16:28 of 2nd period - Nicolas Roy wins face-off versus Garrett Pilon in Lightning zone.
16:33 of 2nd period - Snap shot by Warren Foegele.
16:33 of 2nd period - Stopped by Jack Campbell with a rebound.
16:35 of 2nd period - Snap shot by Warren Foegele.
16:35 of 2nd period - Stopped by Jack Campbell with a rebound.
16:53 of 2nd period - Ben Harpur is hit by Philip Tomasino and loses puck.
17:20 of 2nd period - Nicolas Roy is hit by Ben Harpur and loses puck.
17:56 of 2nd period - Icing by Stefan Noesen.
17:57 of 2nd period - Tyson Jost wins face-off versus Garrett Pilon in Lightning zone.
18:12 of 2nd period - Sean Durzi is hit by Stefan Noesen and loses puck.
18:25 of 2nd period - Wrist shot by Derek Stepan.
18:25 of 2nd period - Shot Misses the Net.
18:47 of 2nd period - Slapshot by Radim Simek.
18:47 of 2nd period - Shot Blocked by Josh Mahura.
18:54 of 2nd period - Snap shot by Radim Simek.
18:54 of 2nd period - Stopped by Jonathan Quick without a rebound.
18:55 of 2nd period - Tyson Jost wins face-off versus Vladislav Namestnikov in Kings zone.
19:02 of 2nd period - Nicolas Aube-Kubel is hit by Alexei Toropchenko and loses puck.
19:23 of 2nd period - Derick Brassard is hit by Kevin Labanc and loses puck.
19:28 of 2nd period - Wrist shot by Kevin Labanc.
19:28 of 2nd period - Shot Misses the Net.
19:30 of 2nd period - Slapshot by Jordan Oesterle.
19:30 of 2nd period - Stopped by Jack Campbell without a rebound.
19:31 of 2nd period - Derick Brassard wins face-off versus Derek Stepan in Lightning zone.
19:45 of 2nd period - Tyler Motte is hit by Matt Dumba and loses puck.
Goals for this period are 2 for Kings vs 2 for Lightning.
Shots for this period are 16 for Kings vs 10 for Lightning.

3rd period


0:01 of 3rd period - Vladislav Namestnikov wins face-off versus Nicolas Roy in neutral zone.
0:09 of 3rd period - Snap shot by Philip Tomasino.
0:09 of 3rd period - Deflect By Vladislav Namestnikov.
0:09 of 3rd period - Shot Blocked by Alex Goligoski.
0:09 of 3rd period - Puck is out of play.
0:10 of 3rd period - Nicolas Roy wins face-off versus Vladislav Namestnikov in Lightning zone.
0:11 of 3rd period - Slapshot by Philip Tomasino.
0:11 of 3rd period - Deflect By Warren Foegele.
0:11 of 3rd period - Goal by Warren Foegele - Kings : 3 - Lightning : 2.
0:12 of 3rd period - Nicolas Roy wins face-off versus Vladislav Namestnikov in neutral zone.
0:23 of 3rd period - Slapshot by Sean Durzi.
0:23 of 3rd period - Shot Blocked by Robert Hagg.
0:25 of 3rd period - Slapshot by Sean Durzi.
0:25 of 3rd period - Shot Misses the Net.
0:27 of 3rd period - Snap shot by Nicolas Roy.
0:27 of 3rd period - Stopped by Jack Campbell without a rebound.
0:28 of 3rd period - Derick Brassard wins face-off versus Tyson Jost in Lightning zone.
0:30 of 3rd period - Minor Penalty to Robert Hagg for Hooking.
0:31 of 3rd period - Warren Foegele wins face-off versus Vladislav Namestnikov in Lightning zone.
0:31 of 3rd period - Snap shot by Nicolas Roy.
0:31 of 3rd period - Deflect By Alex Goligoski.
0:31 of 3rd period - Shot Misses the Net.
0:31 of 3rd period - Puck is out of play.
0:31 of 3rd period - Minor Penalty to Warren Foegele for Slashing.
0:32 of 3rd period - Nicolas Roy wins face-off versus Vladislav Namestnikov in Kings zone.
0:41 of 3rd period - Slapshot by Nicolas Roy.
0:41 of 3rd period - Stopped by Jack Campbell without a rebound.
0:42 of 3rd period - Nicolas Roy wins face-off versus Jakob Silfverberg in Lightning zone.
1:48 of 3rd period - Wrist shot by Jakob Silfverberg.
1:48 of 3rd period - Stopped by Jonathan Quick with a rebound.
1:50 of 3rd period - Snap shot by Vladislav Namestnikov.
1:50 of 3rd period - Shot Misses the Net.
1:52 of 3rd period - Slapshot by Andrej Sustr.
1:52 of 3rd period - Shot Misses the Net.
1:54 of 3rd period - Wrist shot by Andrej Sustr.
1:54 of 3rd period - Deflect By Jakob Silfverberg.
1:54 of 3rd period - Goal by Jakob Silfverberg - Kings : 3 - Lightning : 3.
1:55 of 3rd period - Derick Brassard wins face-off versus Kevin Labanc in neutral zone.
2:30 of 3rd period - Penalty to Robert Hagg is over, Robert Hagg is back on ice.
2:31 of 3rd period - Penalty to Warren Foegele is over, Warren Foegele is back on ice.
2:35 of 3rd period - Snap shot by Robert Hagg.
2:35 of 3rd period - Shot Misses the Net.
2:49 of 3rd period - Snap shot by Robert Hagg.
2:49 of 3rd period - Shot Misses the Net.
2:51 of 3rd period - Wrist shot by Robert Hagg.
2:51 of 3rd period - Shot Misses the Net.
2:53 of 3rd period - Slapshot by Andrej Sustr.
2:53 of 3rd period - Shot Misses the Net.
2:55 of 3rd period - Snap shot by Robert Hagg.
2:55 of 3rd period - Stopped by Jonathan Quick without a rebound.
2:56 of 3rd period - Benoit-Olivier Groulx wins face-off versus Derek Stepan in Kings zone.
4:14 of 3rd period - Off-side.
4:15 of 3rd period - Darren Helm wins face-off versus Nicolas Roy in neutral zone.
4:24 of 3rd period - Nicolas Roy is hit by Robert Hagg and loses puck.
4:31 of 3rd period - Snap shot by Warren Foegele.
4:31 of 3rd period - Shot Blocked by Darren Helm.
4:41 of 3rd period - Nicolas Aube-Kubel is hit by Matt Dumba and loses puck.
5:37 of 3rd period - Snap shot by Philip Tomasino.
5:37 of 3rd period - Stopped by Jack Campbell with a rebound.
5:41 of 3rd period - Backhand shot by Nicolas Roy.
5:41 of 3rd period - Stopped by Jack Campbell with a rebound.
5:53 of 3rd period - Slapshot by Benoit-Olivier Groulx.
5:53 of 3rd period - Shot Misses the Net.
5:55 of 3rd period - Wrist shot by Darren Helm.
5:55 of 3rd period - Shot Misses the Net.
5:57 of 3rd period - Wrist shot by Connor Carrick.
5:57 of 3rd period - Stopped by Jonathan Quick with a rebound.
5:59 of 3rd period - Wrist shot by Michael Mersch.
5:59 of 3rd period - Shot Misses the Net.
6:01 of 3rd period - Snap shot by Darren Helm.
6:01 of 3rd period - Stopped by Jonathan Quick without a rebound.
6:02 of 3rd period - Nicolas Roy wins face-off versus Vladislav Namestnikov in Kings zone.
6:48 of 3rd period - Slapshot by Warren Foegele.
6:48 of 3rd period - Stopped by Jack Campbell with a rebound.
6:50 of 3rd period - Wrist shot by Nicolas Roy.
6:50 of 3rd period - Shot Misses the Net.
6:56 of 3rd period - Snap shot by Nicolas Roy.
6:56 of 3rd period - Shot Misses the Net.
7:04 of 3rd period - Snap shot by Philip Tomasino.
7:04 of 3rd period - Shot Blocked by Ben Harpur.
7:06 of 3rd period - Wrist shot by Jordan Oesterle.
7:06 of 3rd period - Stopped by Jack Campbell without a rebound.
7:07 of 3rd period - Vladislav Namestnikov wins face-off versus Tyson Jost in Lightning zone.
7:24 of 3rd period - Snap shot by Jakob Silfverberg.
7:24 of 3rd period - Stopped by Jonathan Quick with a rebound.
8:01 of 3rd period - Slapshot by Robert Hagg.
8:01 of 3rd period - Shot Blocked by Jon Merrill.
8:03 of 3rd period - Backhand shot by Darren Helm.
8:03 of 3rd period - Stopped by Jonathan Quick without a rebound.
8:04 of 3rd period - Benoit-Olivier Groulx wins face-off versus Tyson Jost in Kings zone.
8:05 of 3rd period - Snap shot by Michael Mersch.
8:05 of 3rd period - Shot Blocked by Calvin de Haan.
8:07 of 3rd period - Slapshot by Michael Mersch.
8:07 of 3rd period - Stopped by Jonathan Quick without a rebound.
8:08 of 3rd period - Tyson Jost wins face-off versus Vladislav Namestnikov in Kings zone.
8:24 of 3rd period - Snap shot by Vladislav Namestnikov.
8:24 of 3rd period - Stopped by Jonathan Quick with a rebound.
8:42 of 3rd period - Wrist shot by Warren Foegele.
8:42 of 3rd period - Shot Misses the Net.
9:36 of 3rd period - Off-side.
9:37 of 3rd period - Vladislav Namestnikov wins face-off versus Sammy Blais in neutral zone.
9:42 of 3rd period - Slapshot by Nicolas Aube-Kubel.
9:42 of 3rd period - Stopped by Jonathan Quick without a rebound.
9:43 of 3rd period - Sean Couturier wins face-off versus Vladislav Namestnikov in Kings zone.
9:43 of 3rd period - Sean Couturier is hit by Vladislav Namestnikov.
9:49 of 3rd period - Slapshot by Matt Dumba.
9:49 of 3rd period - Stopped by Jack Campbell with a rebound.
9:51 of 3rd period - Slapshot by Sean Durzi.
9:51 of 3rd period - Deflect By Vladislav Namestnikov.
9:51 of 3rd period - Stopped by Jack Campbell without a rebound.
9:52 of 3rd period - Nicolas Roy wins face-off versus Jakob Silfverberg in Lightning zone.
10:09 of 3rd period - Slapshot by Robert Hagg.
10:09 of 3rd period - Deflect By Warren Foegele.
10:09 of 3rd period - Stopped by Jonathan Quick without a rebound.
10:10 of 3rd period - Patric Hornqvist wins face-off versus Alexei Toropchenko in Kings zone.
10:17 of 3rd period - Wrist shot by Tyler Motte.
10:17 of 3rd period - Stopped by Jonathan Quick without a rebound.
10:18 of 3rd period - Derick Brassard wins face-off versus Tyson Jost in Kings zone.
10:23 of 3rd period - Slapshot by Patric Hornqvist.
10:23 of 3rd period - Stopped by Jonathan Quick without a rebound.
10:24 of 3rd period - Vladislav Namestnikov wins face-off versus Nicolas Roy in Kings zone.
11:02 of 3rd period - Snap shot by Ilya Mikheyev.
11:02 of 3rd period - Shot Hit the Post.
11:04 of 3rd period - Slapshot by Sean Durzi.
11:04 of 3rd period - Shot Blocked by Derick Brassard.
11:18 of 3rd period - Calvin de Haan is hit by Stefan Noesen and loses puck.
12:27 of 3rd period - Snap shot by Stefan Noesen.
12:27 of 3rd period - Deflect By Liam Foudy.
12:27 of 3rd period - Shot Blocked by Ilya Mikheyev.
12:27 of 3rd period - Puck is out of play.
12:28 of 3rd period - Nicolas Roy wins face-off versus Garrett Pilon in Kings zone.
12:28 of 3rd period - Nicolas Roy is hit by Garrett Pilon.
12:56 of 3rd period - Snap shot by Stefan Noesen.
12:56 of 3rd period - Deflect By Liam Foudy.
12:56 of 3rd period - Shot Blocked by Matt Dumba.
12:56 of 3rd period - Puck is out of play.
12:57 of 3rd period - Tyson Jost wins face-off versus Vladislav Namestnikov in Kings zone.
13:04 of 3rd period - Wrist shot by Ilya Mikheyev.
13:04 of 3rd period - Stopped by Jack Campbell without a rebound.
13:05 of 3rd period - Vladislav Namestnikov wins face-off versus Nicolas Roy in Lightning zone.
13:13 of 3rd period - Backhand shot by Jakob Silfverberg.
13:13 of 3rd period - Shot Misses the Net.
13:27 of 3rd period - Wrist shot by Jakob Silfverberg.
13:27 of 3rd period - Stopped by Jonathan Quick with a rebound.
13:40 of 3rd period - Minor Penalty to Nicolas Roy for Hooking.
13:41 of 3rd period - Derek Stepan wins face-off versus Derick Brassard in Kings zone.
15:40 of 3rd period - Penalty to Nicolas Roy is over, Nicolas Roy is back on ice.
15:50 of 3rd period - Liam Foudy is hit by Matt Dumba and loses puck.
16:26 of 3rd period - Wrist shot by Derek Stepan.
16:26 of 3rd period - Shot Blocked by Connor Carrick.
16:28 of 3rd period - Snap shot by Josh Mahura.
16:28 of 3rd period - Stopped by Jack Campbell without a rebound.
16:29 of 3rd period - Alexei Toropchenko wins face-off versus Stefan Noesen in Lightning zone.
16:30 of 3rd period - Snap shot by Ilya Mikheyev.
16:30 of 3rd period - Stopped by Jack Campbell with a rebound.
16:56 of 3rd period - Slapshot by Nicolas Roy.
16:56 of 3rd period - Shot Misses the Net.
16:58 of 3rd period - Snap shot by Philip Tomasino.
16:58 of 3rd period - Shot Misses the Net.
18:12 of 3rd period - Ilya Mikheyev is hit by Stefan Noesen and loses puck.
18:32 of 3rd period - Backhand shot by Derick Brassard.
18:32 of 3rd period - Deflect By Tyler Motte.
18:32 of 3rd period - Stopped by Jonathan Quick with a rebound.
18:53 of 3rd period - Minor Penalty to Vladislav Namestnikov for Tripping.
18:54 of 3rd period - Kevin Labanc wins face-off versus Stefan Noesen in Lightning zone.
Goals for this period are 1 for Kings vs 1 for Lightning.
Shots for this period are 12 for Kings vs 15 for Lightning.

Overtime #1


0:01 of 1st overtime period - Nicolas Roy wins face-off versus Stefan Noesen in neutral zone.
0:06 of 1st overtime period - Wrist shot by Warren Foegele.
0:06 of 1st overtime period - Shot Hit the Post.
0:53 of 1st overtime period - Penalty to Vladislav Namestnikov is over, Vladislav Namestnikov is back on ice.
1:06 of 1st overtime period - Wrist shot by Radim Simek.
1:06 of 1st overtime period - Shot Blocked by Tyson Jost.
1:08 of 1st overtime period - Wrist shot by Garrett Pilon.
1:08 of 1st overtime period - Shot Misses the Net.
1:49 of 1st overtime period - Andrej Sustr is hit by Kevin Labanc and loses puck.
Goals for this period are 0 for Kings vs 0 for Lightning.
Shots for this period are 0 for Kings vs 0 for Lightning.

ShootOut


5:00 of 1st overtime period - Round #1.
5:00 of 1st overtime period - Kings, Nicolas Roy.
5:00 of 1st overtime period - Snap shot by Nicolas Roy.
5:00 of 1st overtime period - Stopped by Jack Campbell.
5:00 of 1st overtime period - Lightning, Vladislav Namestnikov.
5:00 of 1st overtime period - Wrist shot by Vladislav Namestnikov.
5:00 of 1st overtime period - Goal by Vladislav Namestnikov.
5:00 of 1st overtime period - Round #2.
5:00 of 1st overtime period - Kings, Warren Foegele.
5:00 of 1st overtime period - Backhand shot by Warren Foegele.
5:00 of 1st overtime period - Stopped by Jack Campbell.
5:00 of 1st overtime period - Lightning, Jakob Silfverberg.
5:00 of 1st overtime period - Deke by Jakob Silfverberg.
5:00 of 1st overtime period - Stopped by Jonathan Quick.
5:00 of 1st overtime period - Round #3.
5:00 of 1st overtime period - Kings, Tyson Jost.
5:00 of 1st overtime period - Snap shot by Tyson Jost.
5:00 of 1st overtime period - Shot Misses the Net.